 Dungeon Crawl Stone Soup version 0.17-a0-2108-g65e8068 (webtiles) character file.

221 Ishikawa the Magician (level 5, 0/38 HPs)
             Began as a Mummy Wizard on Oct 19, 2015.
             Was an Initiate of Kikubaaqudgha.
             Slain by Eustachio
             ... wielding a +0 falchion
              (7 damage)
             ... on level 4 of the Dungeon.
             The game lasted 00:15:58 (2898 turns).

Ishikawa the Magician (Mummy Wizard)                Turns: 2898, Time: 00:15:58

Health: 0/38       AC:  2    Str: 10    XL:     5   Next: 65%
Magic:  8/10       EV: 12    Int: 21    God:    Kikubaaqudgha [......]
Gold:   189        SH:  0    Dex: 11    Spells: 4 memorised, 2 levels left

rFire  x . .     SeeInvis .     m - +2 dagger (venom)
rCold  + . .     Clarity  .     h - +0 robe
rNeg   + + +     SustAt   .     (no shield)
rPois  ∞         Gourm    .     b - +0 hat
rElec  .         Spirit   .     (no cloak)
rCorr  .         Warding  .     (no gloves)
rMut   .         Stasis   .     (no boots)
MR     +....                    (no amulet)
Stlth  ++........               j - ring of protection from magic
                                i - +3 ring of intelligence

@: somewhat resistant to hostile enchantments, unstealthy
A: no food or potions, fire vulnerability, cold resistance 1, negative energy
resistance 3, torment resistance, unbreathing
a: Renounce Religion


You were on level 4 of the Dungeon.
You worshipped Kikubaaqudgha.
Kikubaaqudgha was noncommittal.
You were not hungry.

You visited 2 branches of the dungeon, and saw 5 of its levels.

You collected 189 gold pieces.

Inventory:

Hand Weapons
 g - a +2 mace of protection
 l - a +1 morningstar of protection
 m - a +2 dagger of venom (weapon)
Armour
 b - a +0 hat (worn)
 h - a +0 robe (worn)
Jewellery
 i - a +3 ring of intelligence (left hand)
 j - a ring of protection from magic (right hand)
Scrolls
 a - a scroll of teleportation {unknown}
 d - a scroll of fog {unknown}
 e - 2 scrolls of recharging {unknown}
 f - 2 scrolls of identify {unknown}
 k - 3 scrolls of remove curse {unknown}
Books
 c - a book of Minor Magic

   Spells                             Type                      Level
   a - Magic Dart                     Conjuration                  1
   b - Blink                          Translocation                2
   c - Call Imp                       Summoning                    2
   d - Repel Missiles                 Charms/Air                   2
   e - Slow                           Hexes                        2
   f - Conjure Flame                  Conjuration/Fire             3
   g - Mephitic Cloud                 Conjuration/Poison/Air       3


   Skills:
 - Level 2.0 Fighting
 + Level 1.0 Armour
 - Level 1.5 Dodging
 - Level 1.5 Stealth
 + Level 3.8 Spellcasting
 + Level 2.3 Conjurations
 - Level 0.7 Summonings
   Level 0.7 Translocations
 + Level 1.4 Air Magic
 + Level 1.2 Poison Magic


You had 2 spell levels left.
You knew the following spells:

 Your Spells              Type           Power        Failure   Level  Hunger
a - Magic Dart            Conj           ##..         6%          1    N/A
b - Call Imp              Summ           #.......     14%         2    N/A
c - Mephitic Cloud        Conj/Pois/Air  ##......     21%         3    N/A
d - Conjure Flame         Conj/Fire      #.......     24%         3    N/A

Dungeon Overview and Level Annotations

Branches:
Dungeon (4/15)             Temple (1/1) D:4

Altars:
Ashenzari
Elyvilon
Fedhas
Gozag
Kikubaaqudgha
Makhleb
Okawaru
Vehumet
Xom
The Shining One

Annotations:
D:4 Eustachio


Innate Abilities, Weirdness & Mutations

You do not eat or drink.
Your flesh is vulnerable to fire.
You are immune to poison.
Your flesh is cold resistant.
You are immune to negative energy.
You are immune to unholy pain and torment.
You can survive without breathing.


Message History

Found a scroll labeled LUINAG HAWKASOTHREA.
You hit Eustachio but do no damage.
Eustachio looks even sicker.
Eustachio is moderately wounded.
Eustachio hits you with a falchion. The quokka barely misses you.
The quokka bites you.
You barely miss Eustachio.
Eustachio is moderately wounded.
The quokka bites you. Eustachio hits you with a falchion.
The quokka bites you but does no damage.
You hit Eustachio but do no damage.
Eustachio is moderately wounded.
The quokka bites you.
The quokka twitches its whiskers.
The quokka barely misses you. Eustachio hits you with a falchion.
* * * LOW HITPOINT WARNING * * *
The quokka bites you.
* * * LOW HITPOINT WARNING * * *
Eustachio hits you with a falchion!
You die...
Kikubaaqudgha rasps: "You have failed me!
Welcome... oblivion!"

....#..........#.8.#.
...##+#.............
#.... ##.......###..
#$..#####+#.#####...
+........ #.#####...
#......##+#.##......
.##+#...................
.?......r......#'.......
.......@@.....#...#.....
.....##.r.........#.....
.... #....####...#.#...
.. ###..#⌠.##'##.⌠#..
.....#%........#..
...####.......####
#..#...#.......#...
##r#...'..._...'...
#.#...........#...


You could see Eustachio and 2 quokkas.

Vanquished Creatures
  An ogre (D:4)
  A worker ant (D:4)
  An iguana (D:4)
  3 adders
  2 gnolls (D:3)
  5 orcs
  5 bats
  5 goblins
  12 hobgoblins
  8 jackals
  A quokka (D:2)
  A giant cockroach (D:1)
  A giant newt (D:3)
  5 kobolds
  3 rats
54 creatures vanquished.

Vanquished Creatures (collateral kills)
  A gnoll (D:3)
  A jackal (D:1)
2 creatures vanquished.

Grand Total: 56 creatures vanquished

Notes
Turn   | Place    | Note
--------------------------------------------------------------
     0 | D:1      | Ishikawa the Mummy Wizard began the quest for the Orb.
     0 | D:1      | Reached XP level 1. HP: 13/13 MP: 4/4
   184 | D:1      | Reached skill level 1 in Conjurations
   206 | D:1      | Reached skill level 1 in Fighting
   282 | D:1      | Reached XP level 2. HP: 21/21 MP: 1/6
   296 | D:1      | Learned a level 2 spell: Call Imp
   615 | D:2      | Found a faded altar to an unknown god.
   719 | D:2      | Found a shimmering altar of Xom.
   750 | D:2      | Found a radiant altar of Vehumet.
   752 | D:2      | Found a glowing golden altar of the Shining One.
  1259 | D:2      | Reached XP level 3. HP: 26/26 MP: 1/7
  1264 | D:2      | Learned a level 3 spell: Mephitic Cloud
  1770 | D:3      | Found a blossoming altar of Fedhas.
  2039 | D:3      | Reached XP level 4. HP: 26/33 MP: 5/9
  2086 | D:3      | Learned a level 3 spell: Conjure Flame
  2181 | D:3      | Reached skill level 1 in Air Magic
  2421 | D:4      | Found a staircase to the Ecumenical Temple.
  2436 | D:4      | Found a shattered altar of Ashenzari.
  2474 | D:4      | Noticed an ogre
  2477 | Temple   | Entered the Ecumenical Temple
  2528 | Temple   | Became a worshipper of Kikubaaqudgha
  2561 | D:4      | Killed an ogre
  2561 | D:4      | Reached skill level 1 in Poison Magic
  2561 | D:4      | Reached XP level 5. HP: 38/38 MP: 3/10
  2634 | D:4      | Reached skill level 1 in Armour
  2885 | D:4      | Noticed Eustachio
  2898 | D:4      | Slain by Eustachio

Vault maps used:
D:1:      dpeg_arrival_windows_large_door
D:2:      grunt_temple_overflow_open, ecumenical_altar_2
D:3:      nicolae_overflow_crystal_walls, dk_noncrumbling_3,
          minmay_splitting_lines, kennysheep_pointless_box
D:4:      evilmike_ruin_ashenzari, minmay_temple_entry_statues_pillars,
          roderic_roman_lattice, uniq_eustachio
Temple:   minmay_temple_curvy_14

Action                   |  1- 3 |  4- 6 || total
-------------------------+-------+-------++-------
Melee: Hand axe          |     9 |       ||     9
       Dagger            |     5 |    21 ||    26
       Mace              |    75 |    20 ||    95
 Cast: Magic Dart        |    66 |    17 ||    83
       Call Imp          |     4 |       ||     4
       Mephitic Cloud    |     3 |     3 ||     6
 Stab: Sleeping          |     1 |       ||     1
